 Dungeon Crawl Stone Soup version 0.30.0-10-gfe55d96785 (webtiles) character file.

Game seed: 5283444345441190143

9123 qw the Cleaver (level 11, 0/69 HPs)
             Began as a Gargoyle Cinder Acolyte on May 17, 2023.
             Was an Initiate of Ignis.
             Slain by a minotaur
             ... wielding a +0 dagger
              (18 damage)
             ... in a Gauntlet.
             The game lasted 00:04:23 (9007 turns).

qw the Cleaver (Gargoyle Cinder Acolyte)            Turns: 9007, Time: 00:04:24

Health: 0/69       AC: 26    Str: 28    XL:     11   Next: 41%
Magic:  12/12      EV:  8    Int: 13    God:    Ignis [......]
Gold:   62         SH: 10    Dex: 15    Spells: 12/12 levels left

rFire   + + .        Y - +1 war axe
rCold   . . .        d - +0 buckler
rNeg    + . .        o - +0 plate armour {rF+}
rPois   inf          g - +0 helmet of Kusof {Slay+3 Stlth+}
rElec   +            b - +0 cloak {Will+}
rCorr   .            a - +0 pair of gloves
SInv    .            (no boots)
Will    ++...        j - amulet of reflection Stlth
                     c - +6 ring of dexterity
HPRegen 0.31/turn    m - +6 ring of strength
MPRegen 0.13/turn

%: no teleportation, reflection
@: no status effects
A: sickness immunity, AC +8, negative energy resistance 1, electricity
resistance, torment resistance 1, petrification resistance, agile 1,
strong-willed 1
a: Renounce Religion, Rising Flame


You were in a Gauntlet.
You worshipped Ignis.
Ignis was noncommittal.
You visited 2 branches of the dungeon, and saw 10 of its levels.
You also visited: Gauntlet.

You collected 716 gold pieces.
You spent 654 gold pieces at shops.


Innate Abilities, Weirdness & Mutations

You are immune to sickness and miasma.
Your stone body is resilient. (AC +8)
You are immune to poison.
You resist negative energy. (rN+)
You are resistant to electric shocks. (rElec)
You are resistant to unholy torment.
You are immune to petrification.
You are agile. (Dex +4, Str/Int -1)
You are strong-willed. (Will+)


   Skills:
 - Level 8.7 Fighting
 - Level 11.0 Axes
 + Level 3.7 Throwing
 - Level 8.5 Armour
 - Level 3.0 Dodging
 - Level 5.3 Shields
 - Level 1.0 Spellcasting
 - Level 3.0 Fire Magic


You had 12 spell levels left.
You didn't know any spells.
Your spell library contained the following spells:

 Spells                   Type           Power      Damage    Failure   Level
 Scorch                   Fire           16%        2d5       77%         2

Inventory:

Hand Weapons
 n - a -1 hand axe of flaming
 Y - a +1 war axe (weapon)
Missiles
 q - a silver javelin (quivered)
Armour
 a - a +0 pair of gloves (worn)
 b - a +0 cloak of willpower (worn)
 d - a +0 buckler (worn)
 g - the +0 helmet of Kusof (worn) {Slay+3 Stlth+}
   (You found it on level 5 of the Dungeon)

   Slay:      It affects your accuracy & damage with ranged weapons and melee
   (+3).
   Stlth:     It makes you more stealthy.
 o - a +0 plate armour of fire resistance (worn)
Jewellery
 c - a +6 ring of dexterity (left hand)
 j - an amulet of reflection (around neck)
 m - a +6 ring of strength (right hand)
Scrolls
 e - 8 scrolls of identify
 h - 5 scrolls of teleportation
Potions
 f - 2 potions of mutation
 i - a potion of resistance
 k - 5 potions of curing
 l - 2 potions of haste
 p - 5 potions of cancellation

Dungeon Overview and Level Annotations

Branches:
Dungeon (9/15)             Temple (0/1) D:6            Lair (1/5) D:9
Gauntlet (1/1)
    Orc: D:9-12

Altars:
Cheibriados
Gozag
Makhleb
Okawaru
Qazlal
Ru
Uskayaw

Shops:
D:2 [   D:3 ?   D:9 *:

Annotations:
D:3 Natasha
D:4 2 runed translucent doors, qw's ghost, amateur GrFi
D:7 2 transporters, Grum; qw's ghost, novice GrCA Gauntlet 4 transporters


Message History

The minotaur bellows!
8996 ||| Stepping ~*~*~tactically~*~*~ (hiding).
You start waiting.
The balrug shouts!
A minotaur is nearby!
You completely miss the minotaur.
The minotaur hits you with a +0 dagger!!
The minotaur gores you!
You slash the minotaur!
The minotaur is lightly wounded.
You block the minotaur's attack.
The minotaur gores you but does no damage.
You slash the minotaur!
The minotaur is moderately wounded.
The minotaur hits you with a +0 dagger.
The minotaur gores you but does no damage.
You hit the minotaur.
The minotaur is moderately wounded.
You block the minotaur's attack. x2
You hit the minotaur.
The minotaur is moderately wounded.
The minotaur hits you with a +0 dagger!
The minotaur gores you but does no damage.
You hit the minotaur but do no damage.
The minotaur is moderately wounded.
You block the minotaur's attack.
The minotaur gores you but does no damage.
You barely miss the minotaur.
The minotaur furiously retaliates!
The minotaur headbutts you, but does no damage.
The minotaur is moderately wounded.
You block the minotaur's attack.
The minotaur gores you but does no damage.
You hit the minotaur.
The minotaur is moderately wounded.
The minotaur hits you but does no damage.
The minotaur gores you but does no damage.
You slash the minotaur!
The minotaur is heavily wounded.
The minotaur hits you with a +0 dagger!!
You die...

8#..#..!(^=2..#...#....^....#.8.#
##..###########...###########...#
#...............................
#¤............~\~...............
################################
#8##~...............¤##8# #8#
####8.8.8..^.^..8.8.8#### ###
#~...............~#
###.##.##@##.##.###
#.##.##H##.##.# . ......... .##.#
.# #. .# # . .. .# #. #. .#


You could see a minotaur.

Vanquished Creatures
  2 two-headed ogres
  A fire crab (Gauntlet)
  Maggie (D:9)
  2 trolls
  A hornet (D:9)
  Grinder (D:3)
  6 slime creatures
  A wraith (D:6)
  Sigmund (D:3)
  3 fire bats (Gauntlet)
  A neqoxec (Gauntlet)
  A chaos spawn (Gauntlet)
  A vampire mosquito (D:6)
  2 wargs (D:9)
  2 swamp worms (Gauntlet)
  2 water moccasins
  2 orc warriors (D:9)
  An ice beast (D:6)
  2 black bears
  2 ogres
  2 centaurs
  2 phantoms
  5 bullfrogs
  A gnoll sergeant (D:7)
  8 scorpions
  3 wights (D:8)
  8 killer bees
  3 howler monkeys (D:7)
  5 jellies
  2 orc priests
  6 hounds
  5 iguanas
  5 orc wizards
  2 sleepcaps (D:6)
  Natasha (twice) (D:3)
  Robin (D:3)
  11 gnolls
  7 adders
  2 white imps
  3 ufetubi
  2 worms
  3 dart slugs
  8 orcs
  8 endoplasms
  4 giant cockroaches
  18 goblins
  10 hobgoblins
  6 jackals (D:1)
  4 kobolds
  8 quokkas
  7 ball pythons
  5 bats
  A frilled lizard (D:3)
  6 rats
208 creatures vanquished.

Notes
Turn   | Place    | Note
-------+----------+-------------------------------------------
     0 | D:1      | qw the Gargoyle Cinder Acolyte began the quest for the Orb.
     0 | D:1      | Reached XP level 1. HP: 14/14 MP: 2/2
     0 | D:1      | 0 ||| qw: Version: 0.2-a-95-g206ef33
     0 | D:1      | 0 ||| qw: Game counter: 181
     0 | D:1      | 0 ||| qw: Always use a shield: true
     0 | D:1      | 0 ||| qw: God list: Okawaru
     0 | D:1      | 0 ||| qw: Allow faded altars: false
     0 | D:1      | 0 ||| qw: Do Orc after D:15 true
     0 | D:1      | 0 ||| qw: Do second Lair branch before Depths: true
     0 | D:1      | 0 ||| qw: Lair rune preference: random
     0 | D:1      | 0 ||| qw: Plans: Normal
     0 | D:1      | 0 ||| PLANNING D:1-11
    31 | D:1      | 31 ||| INVOKING Fiery Armour.
    73 | D:1      | Found a faded altar of an unknown god.
    74 | D:1      | 74 ||| Stepping ~*~*~tactically~*~*~ (hiding).
    75 | D:1      | 75 ||| Stepping ~*~*~tactically~*~*~ (hiding).
    87 | D:1      | Reached skill level 3 in Axes
   148 | D:1      | 148 ||| Stepping ~*~*~tactically~*~*~ (stealth).
   153 | D:1      | Reached XP level 2. HP: 19/19 MP: 3/3
   412 | D:1      | Reached XP level 3. HP: 20/23 MP: 4/4
   437 | D:1      | 437 ||| Stepping ~*~*~tactically~*~*~ (stealth).
   438 | D:1      | 438 ||| Stepping ~*~*~tactically~*~*~ (stealth).
   784 | D:1      | 784 ||| UPGRADING to +0 ring mail.
   794 | D:1      | 794 ||| DROPPING +0 robe.
   795 | D:1      | 795 ||| UPGRADING to amulet of reflection.
   800 | D:1      | 800 ||| READING scroll labelled DYSE UTUER.
   801 | D:1      | 801 ||| READING 6 scrolls labelled SAXEITA FIKHUU.
   802 | D:1      | 802 ||| READING scroll labelled OLUTWO LOREETH.
   803 | D:1      | 803 ||| READING scroll labelled NECVAH ZAOSH.
   804 | D:1      | 804 ||| READING 5 scrolls of identify.
   804 | D:1      | 804 ||| IDENTIFYING amethyst potion
   805 | D:1      | 805 ||| READING 4 scrolls of identify.
   805 | D:1      | 805 ||| IDENTIFYING smoky purple potion
   806 | D:1      | 806 ||| DROPPING potion of degeneration.
   970 | D:2      | Reached skill level 4 in Axes
   992 | D:2      | Found Reriofyd's Armour Shop.
   997 | D:2      | 997 ||| BUYING +0 buckler (49 gold).
   997 | D:2      | Bought a +0 buckler for 49 gold pieces
   997 | D:2      | 997 ||| SHOPLISTING +1 chain mail of cold resistance (181
                  | gold, have 48).
   997 | D:2      | 997 ||| SHOPLISTING +1 pair of gloves of dexterity (181
                  | gold, have 48).
   997 | D:2      | 997 ||| SHOPLISTING +2 ring mail of cold resistance (231
                  | gold, have 48).
   997 | D:2      | 997 ||| SHOPLISTING +3 leather armour of cold resistance
                  | (264 gold, have 48).
   997 | D:2      | 997 ||| SHOPLISTING +7 Kryia's mail coat {PotionHeal*2 rC+}
                  | (660 gold, have 48).
  1357 | D:2      | 1357 ||| Stepping ~*~*~tactically~*~*~ (hiding).
  1367 | D:2      | Reached skill level 1 in Armour
  1375 | D:2      | 1375 ||| Stepping ~*~*~tactically~*~*~ (stealth).
  1390 | D:2      | 1390 ||| Stepping ~*~*~tactically~*~*~ (stealth).
  1399 | D:2      | Reached XP level 4. HP: 24/28 MP: 5/5
  1696 | D:2      | 1696 ||| UPGRADING to +0 pair of gloves.
  1701 | D:2      | 1701 ||| UPGRADING to +0 buckler.
  1706 | D:2      | 1706 ||| READING scroll labelled RIRCHA IJ WICKALOI.
  1736 | D:3      | Noticed a scorpion
  1744 | D:3      | 1744 ||| STAIRDANCE
  1759 | D:2      | Killed a scorpion
  1760 | D:2      | Reached XP level 5. HP: 18/32 MP: 6/6
  1841 | D:3      | Noticed Sigmund
  1842 | D:3      | 1842 ||| Stepping ~*~*~tactically~*~*~ (hiding).
  1846 | D:3      | 1846 ||| INVOKING Fiery Armour.
  1853 | D:3      | HP: 6/32 [Sigmund/puff of flame (4)]
  1854 | D:3      | 1854 ||| DRINKING potion of heal wounds.
  1856 | D:3      | Killed Sigmund
  1857 | D:3      | Reached skill level 5 in Axes
  1857 | D:3      | Reached XP level 6. HP: 25/37 MP: 7/7
  1883 | D:3      | 1883 ||| Stepping ~*~*~tactically~*~*~ (stealth).
  1884 | D:3      | 1884 ||| Stepping ~*~*~tactically~*~*~ (stealth).
  1911 | D:3      | 1911 ||| SWAPPING to +0 war axe.
  1998 | D:3      | 1998 ||| Stepping ~*~*~tactically~*~*~ (stealth).
  2064 | D:3      | Found Utrerala's Magic Scroll Shop.
  2080 | D:3      | 2080 ||| BUYING scroll of identify (20 gold).
  2080 | D:3      | Bought a scroll of identify for 20 gold pieces
  2080 | D:3      | 2080 ||| BUYING scroll of teleportation (30 gold).
  2080 | D:3      | Bought a scroll of teleportation for 30 gold pieces
  2080 | D:3      | 2080 ||| BUYING scroll of teleportation (30 gold).
  2080 | D:3      | Bought a scroll of teleportation for 30 gold pieces
  2080 | D:3      | 2080 ||| BUYING scroll of teleportation (30 gold).
  2080 | D:3      | Bought a scroll of teleportation for 30 gold pieces
  2081 | D:3      | 2081 ||| Stepping ~*~*~tactically~*~*~ (stealth).
  2086 | D:3      | Noticed Grinder
  2096 | D:3      | 2096 ||| INVOKING Fiery Armour.
  2097 | D:3      | Noticed Robin
  2101 | D:3      | HP: 9/37 [Grinder (6)]
  2102 | D:3      | 2102 ||| READING 3 scrolls of teleportation.
  2294 | D:3      | 2294 ||| INVOKING Fiery Armour.
  2300 | D:3      | Killed Grinder
  2301 | D:3      | Reached XP level 7. HP: 24/44 MP: 8/8
  2366 | D:3      | Killed Robin
  2403 | D:3      | 2403 ||| Stepping ~*~*~tactically~*~*~ (stealth).
  2408 | D:3      | Noticed Natasha
  2413 | D:3      | 2413 ||| INVOKING Fiery Armour.
  2428 | D:3      | Killed Natasha
  2613 | D:3      | 2613 ||| UPGRADING to +0 cloak of willpower.
  2618 | D:3      | 2618 ||| UPGRADING to +0 helmet.
  2623 | D:3      | 2623 ||| DRINKING 2 black potions.
  2624 | D:3      | 2624 ||| READING 8 scrolls of identify.
  2624 | D:3      | 2624 ||| IDENTIFYING smoky silvery potion
  2625 | D:3      | 2625 ||| READING 7 scrolls of identify.
  2625 | D:3      | 2625 ||| IDENTIFYING fizzy ruby potion
  2626 | D:3      | 2626 ||| DROPPING potion of flight.
  2641 | D:3      | Noticed Natasha
  2662 | D:3      | Killed Natasha
  2672 | D:3      | Noticed Natasha
  2673 | D:3      | 2673 ||| Stepping ~*~*~tactically~*~*~ (stealth).
  2702 | D:4      | 2702 ||| Stepping ~*~*~tactically~*~*~ (stealth).
  2724 | D:4      | Reached skill level 6 in Axes
  2835 | D:4      | Reached skill level 3 in Shields
  2868 | D:4      | 2868 ||| Stepping ~*~*~tactically~*~*~ (hiding).
  3025 | D:4      | Found a large runed translucent door.
  3025 | D:4      | Found a large runed translucent door.
  3026 | D:4      | Noticed qw's ghost (amateur GrFi)
  3154 | D:4      | Reached XP level 8. HP: 49/49 MP: 9/9
  3557 | D:4      | Found a sacrificial altar of Ru.
  3594 | D:4      | 3594 ||| Stepping ~*~*~tactically~*~*~ (hiding).
  3615 | D:4      | Reached skill level 7 in Axes
  3809 | D:4      | 3809 ||| UPGRADING to +0 chain mail.
  3819 | D:4      | 3819 ||| DROPPING +0 ring mail.
  3857 | D:5      | Entered Level 5 of the Dungeon
  3873 | D:5      | Reached skill level 3 in Armour
  3892 | D:5      | Identified the +0 helmet of Kusof {Slay+3 Stlth+}
  3912 | D:5      | 3912 ||| Stepping ~*~*~tactically~*~*~ (hiding).
  4058 | D:5      | 4058 ||| Stepping ~*~*~tactically~*~*~ (stealth).
  4124 | D:5      | Found a snail-covered altar of Cheibriados.
  4375 | D:5      | 4375 ||| UPGRADING to +0 helmet of Kusof {Slay+3 Stlth+}.
  4385 | D:5      | 4385 ||| DROPPING +0 helmet.
  4386 | D:5      | 4386 ||| READING scroll labelled UTAHA NUOR TAL.
  4387 | D:5      | 4387 ||| READING 8 scrolls of identify.
  4387 | D:5      | 4387 ||| IDENTIFYING sedimented amethyst potion
  4388 | D:5      | 4388 ||| DROPPING potion of brilliance.
  4432 | D:6      | 4432 ||| Stepping ~*~*~tactically~*~*~ (stealth).
  4434 | D:6      | 4434 ||| Stepping ~*~*~tactically~*~*~ (stealth).
  4435 | D:6      | 4435 ||| Stepping ~*~*~tactically~*~*~ (stealth).
  4436 | D:6      | 4436 ||| Stepping ~*~*~tactically~*~*~ (stealth).
  4440 | D:6      | Noticed a wraith
  4443 | D:6      | 4443 ||| Stepping ~*~*~tactically~*~*~ (stealth).
  4462 | D:6      | Killed a wraith
  4463 | D:6      | Reached skill level 8 in Axes
  4481 | D:6      | Reached skill level 6 in Fighting
  4481 | D:6      | Reached XP level 9. HP: 53/55 MP: 10/10
  4508 | D:6      | 4508 ||| Stepping ~*~*~tactically~*~*~ (stealth).
  4520 | D:6      | Noticed a troll
  4523 | D:6      | 4523 ||| Stepping ~*~*~tactically~*~*~ (stealth).
  4533 | D:6      | 4533 ||| INVOKING Fiery Armour.
  4538 | D:6      | Killed a troll
  4539 | D:6      | Reached skill level 9 in Axes
  4597 | D:6      | 4597 ||| Stepping ~*~*~tactically~*~*~ (stealth).
  4627 | D:6      | 4627 ||| Stepping ~*~*~tactically~*~*~ (stealth).
  4736 | D:6      | 4736 ||| Stepping ~*~*~tactically~*~*~ (stealth).
  4921 | D:6      | Found a hide-covered altar of Uskayaw.
  5307 | D:6      | Found a staircase to the Ecumenical Temple.
  5315 | D:6      | Reached skill level 3 in Throwing
  5410 | D:6      | 5410 ||| READING scroll labelled GEJINO RITEREU.
  5411 | D:6      | 5411 ||| READING 8 scrolls of identify.
  5411 | D:6      | 5411 ||| IDENTIFYING smoky dark potion
  5412 | D:6      | 5412 ||| DROPPING potion of berserk rage.
  5615 | D:7      | Found a stormy altar of Qazlal.
  5689 | D:7      | Found a transporter.
  5699 | D:7      | Identified the +5 spear of Pylaanaxt {chaos, Int+6 SInv}
  5699 | D:7      | Identified the +3 buckler "Qizin" {Str+4 Int+3}
  5729 | D:7      | 5729 ||| Stepping ~*~*~tactically~*~*~ (hiding).
  5730 | D:7      | 5730 ||| Stepping ~*~*~tactically~*~*~ (hiding).
  5740 | D:7      | 5740 ||| Stepping ~*~*~tactically~*~*~ (stealth).
  5865 | D:7      | Found a transporter.
  5875 | D:7      | Noticed Grum
  5875 | D:7      | Identified the ring "Ezuimpap" {Ice rElec rN+ Int-2 SInv}
  5899 | D:7      | Noticed qw's ghost (novice GrCA)
  6241 | D:7      | 6241 ||| DROPPING +3 scale mail.
  6242 | D:7      | 6242 ||| READING 13 scrolls of identify.
  6242 | D:7      | 6242 ||| IDENTIFYING fizzy cyan potion
  6243 | D:7      | 6243 ||| READING 12 scrolls of identify.
  6243 | D:7      | 6243 ||| IDENTIFYING glowing ruby potion
  6244 | D:7      | 6244 ||| READING 11 scrolls of identify.
  6244 | D:7      | 6244 ||| IDENTIFYING purple potion
  6245 | D:7      | 6245 ||| DROPPING potion of attraction.
  6278 | D:8      | Found an opulent altar of Gozag.
  6282 | D:8      | 6282 ||| Stepping ~*~*~tactically~*~*~ (stealth).
  6284 | D:8      | 6284 ||| Stepping ~*~*~tactically~*~*~ (hiding).
  6307 | D:8      | Reached XP level 10. HP: 62/63 MP: 11/11
  6354 | D:8      | 6354 ||| Stepping ~*~*~tactically~*~*~ (hiding).
  6696 | D:8      | Reached skill level 10 in Axes
  6786 | D:8      | Found an iron altar of Okawaru.
  6786 | D:8      | Noticed a two-headed ogre
  6793 | D:8      | Killed a two-headed ogre
  6794 | D:8      | Reached skill level 3 in Dodging
  7010 | D:8      | 7010 ||| UPGRADING to +0 plate armour.
  7020 | D:8      | 7020 ||| DROPPING +0 chain mail.
  7021 | D:8      | 7021 ||| READING scroll labelled CAYNOD SIGORA.
  7022 | D:8      | 7022 ||| READING scroll labelled PENALU OMELOOT.
  7023 | D:8      | 7023 ||| READING 11 scrolls of identify.
  7023 | D:8      | 7023 ||| IDENTIFYING golden potion
  7024 | D:8      | 7024 ||| READING 10 scrolls of identify.
  7024 | D:8      | 7024 ||| IDENTIFYING ruby potion
  7025 | D:8      | 7025 ||| DROPPING potion of lignification.
  7026 | D:8      | 7026 ||| DROPPING potion of ambrosia.
  7062 | D:9      | Found a burning altar of Makhleb.
  7063 | D:9      | 7063 ||| Stepping ~*~*~tactically~*~*~ (hiding).
  7064 | D:9      | Found a staircase to the Lair.
  7065 | D:9      | 7065 ||| INVOKING Fiery Armour.
  7075 | D:9      | Reached skill level 6 in Armour
  7322 | D:9      | 7322 ||| INVOKING Fiery Armour.
  7406 | D:9      | Found Omiegyle's Book Emporium.
  7571 | D:9      | 7571 ||| INVOKING Fiery Armour.
  7578 | D:9      | 7578 ||| READING 6 scrolls of teleportation.
  7715 | D:9      | Noticed Maggie
  7716 | D:9      | 7716 ||| Stepping ~*~*~tactically~*~*~ (hiding).
  7717 | D:9      | 7717 ||| Stepping ~*~*~tactically~*~*~ (hiding).
  7718 | D:9      | 7718 ||| Stepping ~*~*~tactically~*~*~ (hiding).
  7719 | D:9      | 7719 ||| Stepping ~*~*~tactically~*~*~ (hiding).
  7732 | D:9      | Killed Maggie
  7823 | D:9      | 7823 ||| INVOKING Fiery Armour.
  7829 | D:9      | HP: 10/64 [large slime creature (11)]
  7830 | D:9      | 7830 ||| READING 5 scrolls of teleportation.
  8028 | D:9      | Found Gowotz's General Store.
  8033 | D:9      | 8033 ||| BUYING +0 plate armour of fire resistance (450
                  | gold).
  8033 | D:9      | Bought a +0 plate armour of fire resistance for 450 gold
                  | pieces
  8033 | D:9      | 8033 ||| SHOPLISTING potion of resistance (150 gold, have
                  | 67).
  8033 | D:9      | 8033 ||| BUYING scroll of teleportation (45 gold).
  8033 | D:9      | Bought a scroll of teleportation for 45 gold pieces
  8038 | D:9      | Noticed a two-headed ogre
  8048 | D:9      | Killed a two-headed ogre
  8049 | D:9      | Reached XP level 11. HP: 47/68 MP: 12/12
  8130 | D:9      | 8130 ||| Stepping ~*~*~tactically~*~*~ (stealth).
  8133 | D:9      | 8133 ||| Stepping ~*~*~tactically~*~*~ (stealth).
  8134 | D:9      | 8134 ||| Stepping ~*~*~tactically~*~*~ (stealth).
  8145 | D:9      | 8145 ||| INVOKING Fiery Armour.
  8149 | D:9      | Reached skill level 11 in Axes
  8408 | D:9      | 8408 ||| PLANNING LAIR
  8408 | D:9      | 8408 ||| UPGRADING to +0 plate armour of fire resistance.
  8418 | D:9      | 8418 ||| DROPPING +0 plate armour.
  8419 | D:9      | 8419 ||| READING scroll labelled UBBI YHYREZY.
  8420 | D:9      | 8420 ||| READING 10 scrolls of identify.
  8420 | D:9      | 8420 ||| IDENTIFYING coppery potion
  8421 | D:9      | 8421 ||| DROPPING potion of invisibility.
  8436 | Lair:1   | Entered Level 1 of the Lair of Beasts
  8437 | Lair:1   | 8437 ||| PLANNING GAUNTLET
  8451 | Lair:1   | Found a gate leading to a gauntlet.
  8453 | Lair:1   | 8453 ||| UPGRADING to +6 ring of dexterity.
  8474 | Gauntlet | Entered a Gauntlet
  8474 | Gauntlet | Noticed a large abomination
  8474 | Gauntlet | Found a transporter.
  8474 | Gauntlet | Found a transporter.
  8475 | Gauntlet | Found a transporter.
  8478 | Gauntlet | Found a transporter.
  8478 | Gauntlet | Found a transporter.
  8489 | Gauntlet | Noticed a balrug
  8494 | Gauntlet | Found a transporter.
  8503 | Gauntlet | Found a transporter.
  8510 | Gauntlet | Found a transporter.
  8527 | Gauntlet | Found a transporter.
  8531 | Gauntlet | Noticed a fire crab
  8532 | Gauntlet | Found a transporter.
  8555 | Gauntlet | Found a transporter.
  8605 | Gauntlet | Found a transporter.
  8675 | Gauntlet | 8675 ||| INVOKING Fiery Armour.
  8763 | Gauntlet | Killed a fire crab
  8832 | Gauntlet | 8832 ||| UPGRADING to +6 ring of strength.
  8833 | Gauntlet | 8833 ||| READING 9 scrolls of identify.
  8833 | Gauntlet | 8833 ||| IDENTIFYING murky red potion
  8945 | Gauntlet | Gained mutation: Armour fits poorly on your strangely
                  | shaped body. [a neqoxec]
  8974 | Gauntlet | 8974 ||| DRINKING 3 potions of mutation.
  8974 | Gauntlet | Lost mutation: Armour fits poorly on your strangely shaped
                  | body. [potion of mutation]
  8974 | Gauntlet | Gained mutation: Armour fits poorly on your strangely
                  | shaped body. [potion of mutation]
  8975 | Gauntlet | 8975 ||| DRINKING 2 potions of mutation.
  8975 | Gauntlet | Lost mutation: Armour fits poorly on your strangely shaped
                  | body. [potion of mutation]
  8975 | Gauntlet | Gained mutation: You are strong-willed. (Will+) [potion of
                  | mutation]
  8975 | Gauntlet | Gained mutation: You are agile. (Dex +4, Str/Int -1)
                  | [potion of mutation]
  8993 | Gauntlet | Noticed a minotaur
  8994 | Gauntlet | 8994 ||| Stepping ~*~*~tactically~*~*~ (stealth).
  8996 | Gauntlet | 8996 ||| Stepping ~*~*~tactically~*~*~ (hiding).
  9003 | Gauntlet | HP: 17/69 [minotaur/+0 dagger (14)]
  9007 | Gauntlet | Slain by a minotaur

Levels and vault maps discovered:
D:1:      minmay_arrival_checkered_box, layout_loops_ring,
          hellmonk_ecumenical_altar_crossroads, corexii_hall_statues_t
D:2:      layout_loops_corners, serial_shops, shop_fountains,
          kennysheep_big_empty_room, kennysheep_boxes
D:3:      layout_rooms, serial_shops, shop, uniq_natasha, uniq_sigmund,
          uniq_robin, uniq_grinder
D:4:      minmay_wonky_spiral, layout_basic, nicolae_ru_path_of_blood,
          ebering_ghost_disaster_area, kennysheep_small_circle
D:5:      layout_basic, slow_altar_2
D:6:      cheibrodos_fzero, layout_basic, mainiacjoe_overflow_boulevard,
          minmay_temple_entry_large_hall
D:7:      layout_basic, mainiacjoe_overflow_tiny_flanked,
          gammafunk_ghost_gnarly_gnolls, minmay_misc_feat_four_crosses
D:8:      layout_loops_cross, mainiacjoe_overflow_brackets,
          overflow_temple_1_default
D:9:      wander_river, layout_cave_pods, lemuel_crystal_altar,
          erik_lair_orcish_takeover, serial_shops, kennysheep_little_box, shop,
          uniq_maggie
Lair:1:   layout_misc_corridors, gauntlet_entry_generic, serial_bayou_shore_a,
          grunt_megastairs_2
Gauntlet: gammafunk_gauntlet_shortcut [nicolae_gauntlet_arena_quarters,
          gammafunk_gauntlet_arena_crates,
          gammafunk_gauntlet_arena_split_diamond,
          gammafunk_gauntlet_arena_spirals,
          gammafunk_gauntlet_arena_arrow_garden, nicolae_gauntlet_arena_grate_2,
          gauntlet_exit_green]

Skill      XL: |  1  2  3  4  5  6  7  8  9 10 11 |
---------------+----------------------------------+-----
Axes           | 3 4 5 6 8 9 10 11 | 11.0
Armour         | 1 2 4 5 7 8 |  8.5
Shields        | 2 3 4 5 |  5.3
Fighting       | 5 6 7 8 |  8.7
Throwing       | 2 3 |  3.7
Dodging        | 3 |  3.0
Spellcasting   | |  1.0
Fire Magic     | |  3.0

Action                     |  1- 3 |  4- 6 |  7- 9 | 10-12 || total
---------------------------+-------+-------+-------+-------++-------
  Melee: Hand axe          |   107 |    31 |       |       ||   138
         Punch             |     1 |       |       |       ||     1
         War axe           |       |    56 |   358 |   187 ||   601
  Throw: Javelin           |       |       |    44 |    10 ||    54
         Boomerang         |       |       |    11 |     3 ||    14
 Invoke: Fiery Armour      |     1 |     3 |     2 |     6 ||    12
    Use: Scroll            |     6 |     2 |     9 |     9 ||    26
         Potion            |       |     1 |     1 |     2 ||     4
 Armour: Robe              |    23 |       |       |       ||    23
         Ring mail         |    15 |    36 |    76 |       ||   127
         Chain mail        |       |       |   127 |    22 ||   149
         Skin              |       |       |     5 |       ||     5
         Plate armour      |       |       |       |   116 ||   116
  Dodge: Dodged            |    43 |    26 |   137 |    62 ||   268
  Block: Other             |     8 |     1 |       |       ||     9
         Buckler           |       |    27 |   175 |    90 ||   292
         Reflection        |       |       |     2 |     3 ||     5

Table legend:
 A = Non-vault XP
 B = Vault XP
 C = Vault XP percentage of total XP
 D = Non-vault monster count
 E = Vault monster count
 F = Vault count percentage of total count
                 A         B        C        D         E       F
            +---------+---------+-------+---------+---------+-------
      Total |    7316 |    5718 |  43.9 |     149 |      59 |  28.4
            +---------+---------+-------+---------+---------+-------
        D:1 |      40 |       0 |   0.0 |      22 |       0 |   0.0
        D:2 |     128 |       0 |   0.0 |      17 |       0 |   0.0
        D:3 |     119 |     545 |  82.1 |      21 |      16 |  43.2
        D:4 |     426 |     298 |  41.2 |      21 |       7 |  25.0
        D:5 |     532 |       5 |   0.9 |      15 |       1 |   6.2
        D:6 |     685 |    1106 |  61.8 |      10 |      12 |  54.5
        D:7 |     726 |       0 |   0.0 |      13 |       0 |   0.0
        D:8 |    1521 |       0 |   0.0 |      14 |       0 |   0.0
        D:9 |    3139 |     980 |  23.8 |      16 |      10 |  38.5
     Lair:1 |       0 |     147 | 100.0 |       0 |       1 | 100.0
   Gauntlet |       0 |    2637 | 100.0 |       0 |      12 | 100.0
            +---------+---------+-------+---------+---------+-------
